Wolfes vs Senators
Created - November 5, 2020 at 19:17
Goals
|
| Wolfes |
2 |
1 |
0 |
3 |
| Senators |
1 |
2 |
1 |
4 |
|
Shots
|
| Wolfes |
18 |
5 |
6 |
29 |
| Senators |
13 |
10 |
12 |
35 |
|
1st period
1. Senators , Zemgus Girgensons 3 (Scott Harrington 1) at 10:44
2. Wolfes , Damon Severson 4 (Martin Hanzal 3, Alexandre Grenier 5) at 12:23 (PP)
3. Wolfes , Lawson Crouse 4 (Jeffrey Foss 4, Martin Hanzal 4) at 16:08
Penalties :
Jamie Oleksiak (RIM) for Boarding (Minor) at 8:33, Scott Harrington (BIN) for Tripping (Minor) at 11:48
2nd period
4. Senators , Jordan Schroeder 4 (Nick Foligno 6, Keegan Lowe 4) at 9:21 (PP)
5. Wolfes , Eric Robinson 1 (Jeffrey Foss 5, Michael Stone 4) at 15:17
6. Senators , Nick Foligno 2 (Grant Besse 4, Dylan Blujus 3) at 16:12
Penalties :
Dylan Blujus (BIN) for Roughing (Minor) at 4:07, Lawson Crouse (RIM) for Hooking (Minor) at 8:49, Andy Andreoff (BIN) for Holding (Minor) at 16:23, A.J. Jenks (BIN) for Hooking (Minor) at 18:40
3rd period
7. Senators , Jordan Schroeder 5 (Nick Foligno 7, Grant Besse 5) at 14:20 (PP)
Penalties :
Anton Karlsson (RIM) for Hooking (Minor) at 5:26, Branden Troock (BIN) for Holding (Minor) at 11:26, Joe Morrow (RIM) for Hooking (Minor) at 14:09, Tomas Jurco (BIN) for Hooking (Minor) at 14:42, Keegan Lowe (BIN) for Holding (Minor) at 17:51
Goalie Stats
Ebbe Siönäs (RIM), 31 saves from 35 shots - (0.886), L, 0-1-0, 60:00 minutes
Justin Peters (BIN), 26 saves from 29 shots - (0.897), W, 4-4-0, 60:00 minutes
Players Stats for Wolfes
Player Name G A P +/- PIM S H SB GA TA FO MP PP MP PK MP
------------------------------------------------------------------------------------
Alexandre Grenier 0 1 1 0 0 2 1 0 1 1 0/0 16:27 5:26 0:00
Anton Karlsson 0 0 0 -1 2 0 2 0 0 0 1/1 11:32 0:00 0:00
Anton Lindholm 0 0 0 -1 0 0 2 2 0 0 0/0 15:30 0:15 1:54
Benn Ferriero 0 0 0 1 0 1 2 1 1 0 0/0 11:13 0:11 2:51
Blake Pietila 0 0 0 0 0 2 0 1 0 0 0/0 18:53 6:52 0:18
Damon Severson 1 0 1 -1 0 1 1 1 1 0 0/0 20:15 4:55 2:10
Eric Robinson 1 0 1 1 0 1 0 0 0 0 0/0 8:40 0:17 0:00
Jamie Oleksiak 0 0 0 -1 2 1 2 1 0 1 0/0 22:27 7:34 0:37
Jeffrey Foss 0 2 2 2 0 2 0 0 0 1 0/0 17:19 0:00 2:10
Joe Morrow 0 0 0 -1 2 0 1 0 0 1 0/0 21:53 7:34 0:00
Kyle Rau 0 0 0 -1 0 4 0 0 0 1 7/11 12:04 0:07 0:20
Lawson Crouse 1 0 1 0 2 2 3 0 1 1 0/1 17:47 5:05 1:32
Martin Hanzal 0 2 2 0 0 2 0 2 0 0 6/15 17:02 5:13 0:54
Matthew Highmore 0 0 0 1 0 0 0 0 0 0 2/2 8:59 0:00 0:36
Max Friberg 0 0 0 0 0 6 0 0 1 0 0/0 18:30 6:33 0:00
Michael Stone 0 1 1 2 0 1 1 3 0 0 0/0 22:36 4:40 2:31
Sebastian Aho 0 0 0 0 0 1 3 0 1 1 15/31 21:09 6:52 2:51
Thomas Spelling 0 0 0 -1 0 3 0 0 0 3 0/0 12:59 0:51 0:00
Victor Olofsson 0 0 0 0 0 0 0 0 0 0 0/0 0:00 0:00 0:00
Players Stats for Senators
Player Name G A P +/- PIM S H SB GA TA FO MP PP MP PK MP
------------------------------------------------------------------------------------
A.J. Jenks 0 0 0 -1 2 1 1 1 0 1 0/0 7:53 0:00 0:00
Adam Ollas-Mattsson 0 0 0 0 0 0 0 0 0 0 0/0 3:15 0:00 0:00
Andy Andreoff 0 0 0 -1 2 1 2 2 1 0 0/1 21:33 2:11 6:08
Anthony Richard 0 0 0 0 0 0 0 0 0 0 0/0 0:40 0:39 0:00
Branden Troock 0 0 0 -1 2 0 0 0 0 0 0/0 7:32 0:00 0:00
Brett Bulmer 0 0 0 1 0 1 0 0 0 0 0/0 9:39 0:56 0:00
Chandler Stephenson 0 0 0 -1 0 1 0 1 0 0 1/4 7:08 0:00 0:00
Dylan Blujus 0 1 1 1 2 1 1 3 2 1 0/0 19:44 1:05 3:46
Eric Mestery 0 0 0 -1 0 0 1 0 0 0 0/0 10:25 0:00 1:38
Grant Besse 0 2 2 1 0 1 2 0 1 0 0/0 14:36 1:14 0:00
Jack Dougherty 0 0 0 -1 0 2 1 0 0 0 0/0 9:44 0:00 0:48
Jake Evans 0 0 0 0 0 0 0 0 0 0 0/0 0:38 0:37 0:00
Jordan Schroeder 2 0 2 1 0 4 0 0 1 0 7/14 15:21 1:14 0:45
Keegan Lowe 0 1 1 0 2 3 2 0 1 0 0/0 25:05 2:43 6:17
Kevin Rooney 0 0 0 1 0 0 1 0 0 1 2/4 9:26 0:36 0:02
Mark Giordano 0 0 0 0 0 1 0 1 1 1 0/0 26:10 2:43 7:30
Mason Geertsen 0 0 0 0 0 0 0 0 0 0 0/0 0:53 0:53 0:00
Nathan Gerbe 0 0 0 -1 0 4 1 1 0 1 18/32 22:16 2:25 7:17
Nick Foligno 1 2 3 1 0 6 0 0 0 0 1/3 18:28 1:14 3:52
Philippe Myers 0 0 0 0 0 0 0 0 0 0 0/0 4:18 0:53 0:01
Scott Harrington 0 1 1 1 2 3 0 1 0 1 0/0 20:44 1:05 4:58
Tomas Jurco 0 0 0 -1 2 2 2 0 1 0 0/1 16:43 2:12 2:33
Warren Foegele 0 0 0 0 0 0 0 0 0 0 0/0 3:36 0:00 2:38
Zemgus Girgensons 1 0 1 1 0 4 1 0 2 0 1/2 11:37 0:45 1:43
3 Stars
1 - Jordan Schroeder (BIN)
2 - Nick Foligno (BIN)
3 - Grant Besse (BIN)
Power Play
Wolfes - 1 on 7 Attempt(s) - 14.29%
Senators - 2 on 4 Attempt(s) - 50.00%
Penalty Kill
Wolfes - 2 on 4 Attempt(s) - 50.00%
- Score 0 goal in Penalty Kill
Senators - 6 on 7 Attempt(s) - 85.71%
- Score 0 goal in Penalty Kill
Team Stat
Wolfes - Hits : 18 - Faceoff Wins : 31 - Blocked Shots : 11 - Penalty Minutes : 8
Senators - Hits : 15 - Faceoff Wins : 30 - Blocked Shots : 10 - Penalty Minutes : 14
Official
Referees : Unknown
Linesman : Unknown
Game Notes
No Game Note
Finance
Level 1 -- Attendance: 1882 (94.10%) -- Ticket Income $62,106
Level 2 -- Attendance: 984 (98.40%) -- Ticket Income $14,760
Total Attendance: 2866 (95.53%)
Total Ticket Income: $76,866
Other Income: $3,843
Total Income: $80,709
Wolfes
5 vs 5 Forward
Center Left Wing Right Wing Time % Phy DF OF
1 Martin Hanzal Lawson Crouse Max Friberg 31 1 2 2
2 Sebastian Aho Blake Pietila Alexandre Grenier 30 1 2 2
3 Kyle Rau Anton Karlsson Thomas Spelling 25 1 2 2
4 Matthew Highmore Eric Robinson Benn Ferriero 14 1 2 2
5 vs 5 Defense
Defense Defense Time % Phy DF OF
1 Jamie Oleksiak Damon Severson 35 1 2 2
2 Jeffrey Foss Michael Stone 35 1 2 2
3 Anton Lindholm Joe Morrow 30 1 2 2
4 Jamie Oleksiak Michael Stone 0 1 2 2
PowerPlay Forward
Center Left Wing Right Wing Time % Phy DF OF
1 Sebastian Aho Blake Pietila Max Friberg 60 1 2 2
2 Martin Hanzal Lawson Crouse Alexandre Grenier 40 1 2 2
PowerPlay Defense
Defense Defense Time % Phy DF OF
1 Jamie Oleksiak Joe Morrow 60 1 2 2
2 Damon Severson Michael Stone 40 1 2 2
Penalty Kill 4 Players Forward
Center Wing Time % Phy DF OF
1 Sebastian Aho Benn Ferriero 60 1 2 2
2 Martin Hanzal Lawson Crouse 40 1 2 2
Penalty Kill 4 Players Defense
Defense Defense Time % Phy DF OF
1 Michael Stone Anton Lindholm 60 1 2 2
2 Jeffrey Foss Damon Severson 40 1 2 2
Penalty Kill - 3 Players Forward
Forward Time % Phy DF OF
1 Martin Hanzal 60 1 2 2
2 Alexandre Grenier 40 1 2 2
Penalty Kill - 3 Players Defense
Defense Defense Time % Phy DF OF
1 Jamie Oleksiak Anton Lindholm 60 1 2 2
2 Michael Stone Damon Severson 40 1 2 2
4 vs 4 Forward
Center Wing Time % Phy DF OF
1 Alexandre Grenier Sebastian Aho 60 1 2 2
2 Blake Pietila Benn Ferriero 40 1 2 2
4 vs 4 Defense
Defense Defense Time % Phy DF OF
1 Jamie Oleksiak Michael Stone 60 1 2 2
2 Damon Severson Joe Morrow 40 1 2 2
Last Minutes Offensive
Center Left Wing Right Wing Defense Defense
Sebastian Aho Lawson Crouse Alexandre Grenier Jamie Oleksiak Michael Stone
Last Minutes Defensive
Center Left Wing Right Wing Defense Defense
Martin Hanzal Blake Pietila Max Friberg Anton Lindholm Damon Severson
Goaltenders
Starting : Ebbe Siönäs
Backup : Laurent Brossoit
Extra Forwards
Normal : Matthew Highmore, Eric Robinson, Thomas Spelling - PP : Sebastian Aho, Thomas Spelling - PK : Benn Ferriero
Extra Defensemen
Normal : Damon Severson, Michael Stone, Joe Morrow - PP : Anton Lindholm - PK : Jamie Oleksiak, Jeffrey Foss
Penalty Shots
Sebastian Aho, Lawson Crouse, Benn Ferriero, Max Friberg, Kyle Rau
Scratches
Jakub Zboril (Healthy), Kevin Stenlund (Healthy), Zachary Senyshyn (Healthy), Louis Belpedio (Healthy), Cameron Darcy (Healthy)
Fredrik Olofsson (Healthy), Nolan Vesey (Healthy), Vaclav Karabacek (Healthy), Kyle Pettit (Healthy), Dylan Sadowy (Healthy)
Senators
5 vs 5 Forward
Center Left Wing Right Wing Time % Phy DF OF
1 Nathan Gerbe Andy Andreoff Tomas Jurco 40 1 2 2
2 Jordan Schroeder Nick Foligno Grant Besse 30 1 2 2
3 Kevin Rooney Zemgus Girgensons Brett Bulmer 20 1 2 2
4 Chandler Stephenson A.J. Jenks Branden Troock 10 1 2 2
5 vs 5 Defense
Defense Defense Time % Phy DF OF
1 Mark Giordano Keegan Lowe 40 1 2 2
2 Scott Harrington Dylan Blujus 30 1 2 2
3 Eric Mestery Jack Dougherty 20 1 2 2
4 Philippe Myers Adam Ollas-Mattsson 10 1 2 2
PowerPlay Forward
Center Left Wing Right Wing Time % Phy DF OF
1 Nathan Gerbe Andy Andreoff Tomas Jurco 60 1 2 2
2 Jordan Schroeder Nick Foligno Grant Besse 40 1 2 2
PowerPlay Defense
Defense Defense Time % Phy DF OF
1 Mark Giordano Keegan Lowe 60 1 2 2
2 Scott Harrington Dylan Blujus 40 1 2 2
Penalty Kill 4 Players Forward
Center Wing Time % Phy DF OF
1 Nathan Gerbe Andy Andreoff 60 1 2 2
2 Nick Foligno Tomas Jurco 40 1 2 2
Penalty Kill 4 Players Defense
Defense Defense Time % Phy DF OF
1 Mark Giordano Keegan Lowe 60 1 2 2
2 Scott Harrington Dylan Blujus 40 1 2 2
Penalty Kill - 3 Players Forward
Forward Time % Phy DF OF
1 Nathan Gerbe 60 1 2 2
2 Andy Andreoff 40 1 2 2
Penalty Kill - 3 Players Defense
Defense Defense Time % Phy DF OF
1 Mark Giordano Keegan Lowe 60 1 2 2
2 Scott Harrington Dylan Blujus 40 1 2 2
4 vs 4 Forward
Center Wing Time % Phy DF OF
1 Nathan Gerbe Andy Andreoff 60 1 2 2
2 Nick Foligno Tomas Jurco 40 1 2 2
4 vs 4 Defense
Defense Defense Time % Phy DF OF
1 Mark Giordano Keegan Lowe 60 1 2 2
2 Scott Harrington Dylan Blujus 40 1 2 2
Last Minutes Offensive
Center Left Wing Right Wing Defense Defense
Nathan Gerbe Andy Andreoff Tomas Jurco Mark Giordano Keegan Lowe
Last Minutes Defensive
Center Left Wing Right Wing Defense Defense
Nathan Gerbe Andy Andreoff Tomas Jurco Mark Giordano Keegan Lowe
Goaltenders
Starting : Justin Peters
Backup : Sami Aittokallio
Extra Forwards
Normal : Anthony Richard, Jake Evans, Warren Foegele - PP : Anthony Richard, Jake Evans - PK : Warren Foegele
Extra Defensemen
Normal : Mason Geertsen, Eric Mestery, Jack Dougherty - PP : Mason Geertsen - PK : Eric Mestery, Jack Dougherty
Penalty Shots
Nathan Gerbe, Andy Andreoff, Nick Foligno, Tomas Jurco, Zemgus Girgensons
Scratches
Zach Nastasiuk (Healthy), Jonas Siegenthaler (Healthy), Jonathan Ferland (Healthy), Blake Coleman (Healthy), Maxim Letunov (Healthy)
Pontus Sjalin (Healthy), Keven Bouchard (Healthy)
% Time on Ice - Wolfes
Lines # - Real PCT - Wanted PCT - Time Play
Normal Forward
1 - 29% - 31% - 12:19
2 - 27% - 30% - 11:25
3 - 27% - 25% - 11:24
4 - 18% - 14% - 7:39
Normal Defense
1 - 31% - 35% - 13:16
2 - 37% - 35% - 15:53
3 - 31% - 30% - 13:20
4 - 1% - 0% - 0:18
PP Forward
1 - 57% - 60% - 7:09
2 - 43% - 40% - 5:20
PP Defense
1 - 61% - 60% - 7:34
2 - 39% - 40% - 4:55
PK Forward
1 - 81% - 60% - 3:47
2 - 19% - 40% - 0:54
PK Defense
1 - 54% - 60% - 2:31
2 - 46% - 40% - 2:10
PK3 Forward
1 - 0% - 60%
2 - 0% - 40%
PK3 Defense
1 - 0% - 60%
2 - 0% - 40%
44 Forward
1 - 0% - 60%
2 - 0% - 40%
44 Defense
1 - 0% - 60%
2 - 0% - 40%
Last Minute Offensive - 0:03
Last Minute Defensive - 0:00
Total
Forward - 60:00
Defense - 60:00
|
% Time on Ice - Senators
Lines # - Real PCT - Wanted PCT - Time Play
Normal Forward
1 - 32% - 40% - 13:37
2 - 31% - 30% - 13:22
3 - 20% - 20% - 8:43
4 - 17% - 10% - 7:08
Normal Defense
1 - 38% - 40% - 16:06
2 - 34% - 30% - 14:42
3 - 21% - 20% - 8:47
4 - 8% - 10% - 3:15
PP Forward
1 - 74% - 60% - 3:27
2 - 26% - 40% - 1:14
PP Defense
1 - 77% - 60% - 3:36
2 - 23% - 40% - 1:05
PK Forward
1 - 73% - 60% - 9:10
2 - 27% - 40% - 3:19
PK Defense
1 - 60% - 60% - 7:31
2 - 40% - 40% - 4:58
PK3 Forward
1 - 0% - 60%
2 - 0% - 40%
PK3 Defense
1 - 0% - 60%
2 - 0% - 40%
44 Forward
1 - 0% - 60%
2 - 0% - 40%
44 Defense
1 - 0% - 60%
2 - 0% - 40%
Last Minute Offensive - 0:00
Last Minute Defensive - 0:00
Total
Forward - 60:00
Defense - 60:00
|
Play-by-Play
1st period
0:01 of 1st period - Nathan Gerbe wins face-off versus Martin Hanzal in neutral zone.
0:04 of 1st period - Slapshot by Mark Giordano.
0:04 of 1st period - Stopped by Ebbe Siönäs with a rebound.
0:10 of 1st period - Wrist shot by Nathan Gerbe.
0:10 of 1st period - Stopped by Ebbe Siönäs without a rebound.
0:11 of 1st period - Sebastian Aho wins face-off versus Jordan Schroeder in Wolfes zone.
0:20 of 1st period - Snap shot by Nick Foligno.
0:20 of 1st period - Shot Blocked by Michael Stone.
0:25 of 1st period - Off-side.
0:26 of 1st period - Kyle Rau wins face-off versus Kevin Rooney in neutral zone.
0:35 of 1st period - Wrist shot by Kyle Rau.
0:35 of 1st period - Deflect By Thomas Spelling.
0:35 of 1st period - Stopped by Justin Peters without a rebound.
0:36 of 1st period - Kyle Rau wins face-off versus Kevin Rooney in Senators zone.
0:41 of 1st period - Snap shot by Kyle Rau.
0:41 of 1st period - Stopped by Justin Peters without a rebound.
0:42 of 1st period - Matthew Highmore wins face-off versus Nathan Gerbe in Senators zone.
2:06 of 1st period - Wrist shot by Kyle Rau.
2:06 of 1st period - Stopped by Justin Peters with a rebound.
3:07 of 1st period - Keegan Lowe is hit by Jamie Oleksiak and loses puck.
3:48 of 1st period - Snap shot by Nick Foligno.
3:48 of 1st period - Stopped by Ebbe Siönäs without a rebound.
3:49 of 1st period - Jordan Schroeder wins face-off versus Martin Hanzal in Wolfes zone.
4:00 of 1st period - Wrist shot by Max Friberg.
4:00 of 1st period - Stopped by Justin Peters with a rebound.
4:19 of 1st period - Snap shot by Jordan Schroeder.
4:19 of 1st period - Stopped by Ebbe Siönäs with a rebound.
4:21 of 1st period - Slapshot by Scott Harrington.
4:21 of 1st period - Shot Blocked by Jamie Oleksiak.
4:23 of 1st period - Slapshot by Scott Harrington.
4:23 of 1st period - Stopped by Ebbe Siönäs without a rebound.
4:24 of 1st period - Sebastian Aho wins face-off versus Nathan Gerbe in Wolfes zone.
6:01 of 1st period - Backhand shot by Blake Pietila.
6:01 of 1st period - Stopped by Justin Peters without a rebound.
6:02 of 1st period - Martin Hanzal wins face-off versus Tomas Jurco in Senators zone.
6:03 of 1st period - Slapshot by Max Friberg.
6:03 of 1st period - Stopped by Justin Peters with a rebound.
6:27 of 1st period - Jordan Schroeder is hit by Sebastian Aho and loses puck.
6:32 of 1st period - Wrist shot by Blake Pietila.
6:32 of 1st period - Shot Blocked by Dylan Blujus.
6:59 of 1st period - Wrist shot by A.J. Jenks.
6:59 of 1st period - Stopped by Ebbe Siönäs without a rebound.
7:00 of 1st period - Martin Hanzal wins face-off versus Chandler Stephenson in Wolfes zone.
7:09 of 1st period - Wrist shot by A.J. Jenks.
7:09 of 1st period - Shot Misses the Net.
7:11 of 1st period - Snap shot by Chandler Stephenson.
7:11 of 1st period - Shot Misses the Net.
7:13 of 1st period - Slapshot by Eric Mestery.
7:13 of 1st period - Deflect By Chandler Stephenson.
7:13 of 1st period - Shot Misses the Net.
7:13 of 1st period - Puck is out of play.
7:14 of 1st period - Sebastian Aho wins face-off versus Nathan Gerbe in Wolfes zone.
7:14 of 1st period - Sebastian Aho is hit by Andy Andreoff.
7:28 of 1st period - Snap shot by Tomas Jurco.
7:28 of 1st period - Stopped by Ebbe Siönäs with a rebound.
7:30 of 1st period - Snap shot by Tomas Jurco.
7:30 of 1st period - Stopped by Ebbe Siönäs without a rebound.
7:31 of 1st period - Nick Foligno wins face-off versus Martin Hanzal in Wolfes zone.
7:56 of 1st period - Anton Karlsson is hit by Andy Andreoff and loses puck.
8:16 of 1st period - Icing by Joe Morrow.
8:17 of 1st period - Kevin Rooney wins face-off versus Sebastian Aho in Wolfes zone.
8:24 of 1st period - Snap shot by Zemgus Girgensons.
8:24 of 1st period - Deflect By Brett Bulmer.
8:24 of 1st period - Stopped by Ebbe Siönäs without a rebound.
8:25 of 1st period - Kevin Rooney wins face-off versus Martin Hanzal in Wolfes zone.
8:33 of 1st period - Minor Penalty to Jamie Oleksiak for Boarding.
8:34 of 1st period - Sebastian Aho wins face-off versus Nathan Gerbe in Wolfes zone.
10:00 of 1st period - Dylan Blujus is hit by Lawson Crouse and loses puck.
10:33 of 1st period - Penalty to Jamie Oleksiak is over, Jamie Oleksiak is back on ice.
10:44 of 1st period - Snap shot by Zemgus Girgensons.
10:44 of 1st period - Goal by Zemgus Girgensons - Wolfes : 0 - Senators : 1.
10:45 of 1st period - Kyle Rau wins face-off versus Jordan Schroeder in neutral zone.
10:50 of 1st period - Wrist shot by Thomas Spelling.
10:50 of 1st period - Shot Misses the Net.
10:52 of 1st period - Slapshot by Jeffrey Foss.
10:52 of 1st period - Deflect By Jordan Schroeder.
10:52 of 1st period - Stopped by Justin Peters without a rebound.
10:53 of 1st period - Kyle Rau wins face-off versus Jordan Schroeder in Senators zone.
10:54 of 1st period - Wrist shot by Thomas Spelling.
10:54 of 1st period - Deflect By Anton Karlsson.
10:54 of 1st period - Shot Misses the Net.
10:54 of 1st period - Puck is out of play.
10:55 of 1st period - Anton Karlsson wins face-off versus Nick Foligno in Senators zone.
10:56 of 1st period - Wrist shot by Kyle Rau.
10:56 of 1st period - Shot Misses the Net.
10:58 of 1st period - Slapshot by Michael Stone.
10:58 of 1st period - Deflect By Thomas Spelling.
10:58 of 1st period - Stopped by Justin Peters with a rebound.
11:10 of 1st period - Slapshot by Thomas Spelling.
11:10 of 1st period - Stopped by Justin Peters without a rebound.
11:11 of 1st period - Nathan Gerbe wins face-off versus Sebastian Aho in Senators zone.
11:11 of 1st period - Nathan Gerbe is hit by Jamie Oleksiak.
11:25 of 1st period - Wrist shot by Alexandre Grenier.
11:25 of 1st period - Stopped by Justin Peters without a rebound.
11:26 of 1st period - Martin Hanzal wins face-off versus Nathan Gerbe in Senators zone.
11:29 of 1st period - Wrist shot by Max Friberg.
11:29 of 1st period - Shot Misses the Net.
11:31 of 1st period - Wrist shot by Lawson Crouse.
11:31 of 1st period - Shot Misses the Net.
11:35 of 1st period - Wrist shot by Martin Hanzal.
11:35 of 1st period - Shot Blocked by Scott Harrington.
11:48 of 1st period - Minor Penalty to Scott Harrington for Tripping.
11:49 of 1st period - Nathan Gerbe wins face-off versus Sebastian Aho in Senators zone.
12:14 of 1st period - Nathan Gerbe is hit by Lawson Crouse and loses puck.
12:21 of 1st period - Snap shot by Martin Hanzal.
12:21 of 1st period - Stopped by Justin Peters with a rebound.
12:23 of 1st period - Snap shot by Damon Severson.
12:23 of 1st period - Goal by Damon Severson - Wolfes : 1 - Senators : 1.
12:24 of 1st period - Jordan Schroeder wins face-off versus Sebastian Aho in neutral zone.
12:32 of 1st period - Off-side.
12:33 of 1st period - Jordan Schroeder wins face-off versus Sebastian Aho in neutral zone.
12:52 of 1st period - Jordan Schroeder is hit by Sebastian Aho and loses puck.
12:59 of 1st period - Wrist shot by Alexandre Grenier.
12:59 of 1st period - Stopped by Justin Peters without a rebound.
13:00 of 1st period - Nathan Gerbe wins face-off versus Martin Hanzal in Senators zone.
13:51 of 1st period - Wrist shot by Nick Foligno.
13:51 of 1st period - Shot Misses the Net.
14:04 of 1st period - Dylan Blujus is hit by Damon Severson and loses puck.
14:35 of 1st period - Slapshot by Martin Hanzal.
14:35 of 1st period - Stopped by Justin Peters without a rebound.
14:36 of 1st period - Kyle Rau wins face-off versus Nathan Gerbe in Senators zone.
14:37 of 1st period - Backhand shot by Thomas Spelling.
14:37 of 1st period - Shot Blocked by Mark Giordano.
15:26 of 1st period - Benn Ferriero is hit by Grant Besse and loses puck.
15:36 of 1st period - Icing by Joe Morrow.
15:37 of 1st period - Chandler Stephenson wins face-off versus Sebastian Aho in Wolfes zone.
15:40 of 1st period - Snap shot by Chandler Stephenson.
15:40 of 1st period - Shot Misses the Net.
15:52 of 1st period - Snap shot by Blake Pietila.
15:52 of 1st period - Deflect By Sebastian Aho.
15:52 of 1st period - Shot Misses the Net.
15:52 of 1st period - Puck is out of play.
15:53 of 1st period - Nathan Gerbe wins face-off versus Lawson Crouse in Senators zone.
16:04 of 1st period - Slapshot by Martin Hanzal.
16:04 of 1st period - Shot Blocked by Nathan Gerbe.
16:06 of 1st period - Wrist shot by Jeffrey Foss.
16:06 of 1st period - Stopped by Justin Peters with a rebound.
16:08 of 1st period - Snap shot by Lawson Crouse.
16:08 of 1st period - Goal by Lawson Crouse - Wolfes : 2 - Senators : 1.
16:09 of 1st period - Nathan Gerbe wins face-off versus Martin Hanzal in neutral zone.
17:04 of 1st period - Snap shot by Nick Foligno.
17:04 of 1st period - Stopped by Ebbe Siönäs with a rebound.
17:26 of 1st period - Slapshot by Jamie Oleksiak.
17:26 of 1st period - Stopped by Justin Peters with a rebound.
18:12 of 1st period - Snap shot by Zemgus Girgensons.
18:12 of 1st period - Shot Misses the Net.
18:26 of 1st period - Snap shot by Jordan Schroeder.
18:26 of 1st period - Shot Misses the Net.
18:28 of 1st period - Slapshot by Keegan Lowe.
18:28 of 1st period - Shot Blocked by Blake Pietila.
18:30 of 1st period - Snap shot by Keegan Lowe.
18:30 of 1st period - Deflect By Michael Stone.
18:30 of 1st period - Stopped by Ebbe Siönäs with a rebound.
18:44 of 1st period - Kyle Rau is hit by Keegan Lowe and loses puck.
18:53 of 1st period - Wrist shot by Kyle Rau.
18:53 of 1st period - Stopped by Justin Peters with a rebound.
19:20 of 1st period - Slapshot by Nathan Gerbe.
19:20 of 1st period - Stopped by Ebbe Siönäs with a rebound.
19:41 of 1st period - Off-side.
19:42 of 1st period - Nathan Gerbe wins face-off versus Kyle Rau in neutral zone.
19:53 of 1st period - Snap shot by Kyle Rau.
19:53 of 1st period - Shot Blocked by Andy Andreoff.
Goals for this period are 2 for Wolfes vs 1 for Senators.
Shots for this period are 18 for Wolfes vs 13 for Senators.
2nd period
0:01 of 2nd period - Nathan Gerbe wins face-off versus Martin Hanzal in neutral zone.
0:10 of 2nd period - Wrist shot by Nathan Gerbe.
0:10 of 2nd period - Shot Blocked by Martin Hanzal.
0:33 of 2nd period - Snap shot by Zemgus Girgensons.
0:33 of 2nd period - Stopped by Ebbe Siönäs without a rebound.
0:34 of 2nd period - Jordan Schroeder wins face-off versus Sebastian Aho in Wolfes zone.
0:37 of 2nd period - Wrist shot by Nick Foligno.
0:37 of 2nd period - Stopped by Ebbe Siönäs with a rebound.
1:01 of 2nd period - Kyle Rau is hit by Tomas Jurco and loses puck.
1:19 of 2nd period - Snap shot by Zemgus Girgensons.
1:19 of 2nd period - Stopped by Ebbe Siönäs with a rebound.
1:21 of 2nd period - Wrist shot by Brett Bulmer.
1:21 of 2nd period - Shot Misses the Net.
1:23 of 2nd period - Slapshot by Scott Harrington.
1:23 of 2nd period - Shot Misses the Net.
1:25 of 2nd period - Slapshot by Scott Harrington.
1:25 of 2nd period - Stopped by Ebbe Siönäs with a rebound.
1:27 of 2nd period - Snap shot by Zemgus Girgensons.
1:27 of 2nd period - Shot Blocked by Benn Ferriero.
1:45 of 2nd period - Snap shot by Max Friberg.
1:45 of 2nd period - Shot Misses the Net.
1:47 of 2nd period - Wrist shot by Damon Severson.
1:47 of 2nd period - Shot Blocked by Chandler Stephenson.
2:01 of 2nd period - Snap shot by Nick Foligno.
2:01 of 2nd period - Deflect By Jordan Schroeder.
2:01 of 2nd period - Shot Misses the Net.
2:01 of 2nd period - Puck is out of play.
2:02 of 2nd period - Jordan Schroeder wins face-off versus Sebastian Aho in Wolfes zone.
2:05 of 2nd period - Slapshot by Grant Besse.
2:05 of 2nd period - Shot Misses the Net.
2:07 of 2nd period - Snap shot by Jordan Schroeder.
2:07 of 2nd period - Stopped by Ebbe Siönäs with a rebound.
2:11 of 2nd period - Wrist shot by Nick Foligno.
2:11 of 2nd period - Shot Misses the Net.
3:15 of 2nd period - Slapshot by Jordan Schroeder.
3:15 of 2nd period - Shot Blocked by Michael Stone.
3:41 of 2nd period - Slapshot by Kyle Rau.
3:41 of 2nd period - Stopped by Justin Peters with a rebound.
4:07 of 2nd period - Minor Penalty to Dylan Blujus for Roughing.
4:08 of 2nd period - Nathan Gerbe wins face-off versus Sebastian Aho in Senators zone.
4:27 of 2nd period - Alexandre Grenier is hit by Nathan Gerbe.
5:50 of 2nd period - Blake Pietila is hit by Jack Dougherty and loses puck.
6:07 of 2nd period - Penalty to Dylan Blujus is over, Dylan Blujus is back on ice.
6:28 of 2nd period - Wrist shot by Benn Ferriero.
6:28 of 2nd period - Shot Misses the Net.
6:44 of 2nd period - Kyle Rau is hit by Grant Besse and loses puck.
8:49 of 2nd period - Minor Penalty to Lawson Crouse for Hooking.
8:50 of 2nd period - Sebastian Aho wins face-off versus Nathan Gerbe in Wolfes zone.
9:00 of 2nd period - Nathan Gerbe is hit by Benn Ferriero and loses puck.
9:21 of 2nd period - Wrist shot by Jordan Schroeder.
9:21 of 2nd period - Goal by Jordan Schroeder - Wolfes : 2 - Senators : 2.
9:22 of 2nd period - Nathan Gerbe wins face-off versus Kyle Rau in neutral zone.
10:03 of 2nd period - Jordan Schroeder is hit by Alexandre Grenier and loses puck.
10:38 of 2nd period - Michael Stone is hit by Dylan Blujus and loses puck.
12:20 of 2nd period - Eric Robinson is hit by Tomas Jurco.
12:31 of 2nd period - Andy Andreoff is hit by Anton Lindholm and loses puck.
12:36 of 2nd period - Snap shot by Joe Morrow.
12:36 of 2nd period - Shot Hit the Post.
12:42 of 2nd period - Slapshot by Benn Ferriero.
12:42 of 2nd period - Stopped by Justin Peters without a rebound.
12:43 of 2nd period - Sebastian Aho wins face-off versus Jordan Schroeder in Senators zone.
12:44 of 2nd period - Wrist shot by Blake Pietila.
12:44 of 2nd period - Shot Blocked by Dylan Blujus.
13:15 of 2nd period - Snap shot by Max Friberg.
13:15 of 2nd period - Stopped by Justin Peters with a rebound.
13:17 of 2nd period - Snap shot by Max Friberg.
13:17 of 2nd period - Stopped by Justin Peters with a rebound.
13:19 of 2nd period - Slapshot by Jamie Oleksiak.
13:19 of 2nd period - Deflect By Martin Hanzal.
13:19 of 2nd period - Shot Misses the Net.
13:19 of 2nd period - Puck is out of play.
13:20 of 2nd period - Sebastian Aho wins face-off versus Nathan Gerbe in Senators zone.
13:45 of 2nd period - Nick Foligno is hit by Michael Stone and loses puck.
14:07 of 2nd period - Icing by Damon Severson.
14:08 of 2nd period - Zemgus Girgensons wins face-off versus Martin Hanzal in Wolfes zone.
14:55 of 2nd period - Jordan Schroeder is hit by Joe Morrow and loses puck.
15:17 of 2nd period - Wrist shot by Jeffrey Foss.
15:17 of 2nd period - Deflect By Eric Robinson.
15:17 of 2nd period - Goal by Eric Robinson - Wolfes : 3 - Senators : 2.
15:18 of 2nd period - Nathan Gerbe wins face-off versus Sebastian Aho in neutral zone.
15:23 of 2nd period - Snap shot by Nathan Gerbe.
15:23 of 2nd period - Stopped by Ebbe Siönäs without a rebound.
15:24 of 2nd period - Sebastian Aho wins face-off versus Nathan Gerbe in Wolfes zone.
15:53 of 2nd period - Backhand shot by Jordan Schroeder.
15:53 of 2nd period - Shot Misses the Net.
15:55 of 2nd period - Wrist shot by Nick Foligno.
15:55 of 2nd period - Stopped by Ebbe Siönäs without a rebound.
15:56 of 2nd period - Martin Hanzal wins face-off versus Jordan Schroeder in Wolfes zone.
16:12 of 2nd period - Backhand shot by Nick Foligno.
16:12 of 2nd period - Goal by Nick Foligno - Wolfes : 3 - Senators : 3.
16:13 of 2nd period - Nathan Gerbe wins face-off versus Kyle Rau in neutral zone.
16:23 of 2nd period - Minor Penalty to Andy Andreoff for Holding.
16:24 of 2nd period - Nathan Gerbe wins face-off versus Sebastian Aho in Senators zone.
17:42 of 2nd period - Damon Severson is hit by Keegan Lowe and loses puck.
18:23 of 2nd period - Penalty to Andy Andreoff is over, Andy Andreoff is back on ice.
18:27 of 2nd period - Snap shot by Andy Andreoff.
18:27 of 2nd period - Stopped by Ebbe Siönäs without a rebound.
18:28 of 2nd period - Kyle Rau wins face-off versus Chandler Stephenson in Wolfes zone.
18:40 of 2nd period - Minor Penalty to A.J. Jenks for Hooking.
18:41 of 2nd period - Nathan Gerbe wins face-off versus Sebastian Aho in Senators zone.
18:51 of 2nd period - Nathan Gerbe is hit by Sebastian Aho.
19:07 of 2nd period - Keegan Lowe is hit by Lawson Crouse and loses puck.
Goals for this period are 1 for Wolfes vs 2 for Senators.
Shots for this period are 5 for Wolfes vs 10 for Senators.
3rd period
0:01 of 3rd period - Nathan Gerbe wins face-off versus Sebastian Aho in neutral zone.
0:04 of 3rd period - Slapshot by Keegan Lowe.
0:04 of 3rd period - Stopped by Ebbe Siönäs without a rebound.
0:05 of 3rd period - Nathan Gerbe wins face-off versus Sebastian Aho in Wolfes zone.
0:11 of 3rd period - Off-side.
0:12 of 3rd period - Sebastian Aho wins face-off versus Nathan Gerbe in neutral zone.
0:17 of 3rd period - Wrist shot by Sebastian Aho.
0:17 of 3rd period - Shot Misses the Net.
0:19 of 3rd period - Slapshot by Jamie Oleksiak.
0:19 of 3rd period - Deflect By Sebastian Aho.
0:19 of 3rd period - Shot Blocked by Andy Andreoff.
0:19 of 3rd period - Puck is out of play.
0:20 of 3rd period - Sebastian Aho wins face-off versus Nathan Gerbe in Senators zone.
0:40 of 3rd period - Penalty to A.J. Jenks is over, A.J. Jenks is back on ice.
1:17 of 3rd period - Wrist shot by Max Friberg.
1:17 of 3rd period - Shot Misses the Net.
1:25 of 3rd period - Wrist shot by Max Friberg.
1:25 of 3rd period - Stopped by Justin Peters without a rebound.
1:26 of 3rd period - Jordan Schroeder wins face-off versus Kyle Rau in Senators zone.
1:39 of 3rd period - Snap shot by Anton Karlsson.
1:39 of 3rd period - Shot Misses the Net.
1:41 of 3rd period - Slapshot by Michael Stone.
1:41 of 3rd period - Stopped by Justin Peters without a rebound.
1:42 of 3rd period - Matthew Highmore wins face-off versus Zemgus Girgensons in Senators zone.
2:09 of 3rd period - Scott Harrington is hit by Anton Karlsson and loses puck.
2:34 of 3rd period - Michael Stone is hit by A.J. Jenks and loses puck.
3:19 of 3rd period - Snap shot by Jordan Schroeder.
3:19 of 3rd period - Shot Misses the Net.
3:21 of 3rd period - Snap shot by Grant Besse.
3:21 of 3rd period - Stopped by Ebbe Siönäs without a rebound.
3:22 of 3rd period - Kyle Rau wins face-off versus Jordan Schroeder in Wolfes zone.
3:31 of 3rd period - Jordan Schroeder is hit by Anton Karlsson and loses puck.
3:46 of 3rd period - Snap shot by Kyle Rau.
3:46 of 3rd period - Shot Misses the Net.
4:15 of 3rd period - Snap shot by Nick Foligno.
4:15 of 3rd period - Stopped by Ebbe Siönäs with a rebound.
4:33 of 3rd period - Snap shot by Thomas Spelling.
4:33 of 3rd period - Shot Misses the Net.
4:59 of 3rd period - Wrist shot by Jordan Schroeder.
4:59 of 3rd period - Shot Blocked by Anton Lindholm.
5:01 of 3rd period - Wrist shot by Jordan Schroeder.
5:01 of 3rd period - Shot Misses the Net.
5:03 of 3rd period - Slapshot by Dylan Blujus.
5:03 of 3rd period - Stopped by Ebbe Siönäs with a rebound.
5:26 of 3rd period - Minor Penalty to Anton Karlsson for Hooking.
5:27 of 3rd period - Sebastian Aho wins face-off versus Nathan Gerbe in Wolfes zone.
5:41 of 3rd period - Snap shot by Tomas Jurco.
5:41 of 3rd period - Shot Misses the Net.
5:43 of 3rd period - Slapshot by Keegan Lowe.
5:43 of 3rd period - Stopped by Ebbe Siönäs with a rebound.
6:07 of 3rd period - Wrist shot by Martin Hanzal.
6:07 of 3rd period - Deflect By Lawson Crouse.
6:07 of 3rd period - Deflect By Tomas Jurco.
6:07 of 3rd period - Stopped by Justin Peters with a rebound.
7:22 of 3rd period - Benn Ferriero is hit by Zemgus Girgensons.
7:26 of 3rd period - Penalty to Anton Karlsson is over, Anton Karlsson is back on ice.
7:34 of 3rd period - Snap shot by Chandler Stephenson.
7:34 of 3rd period - Stopped by Ebbe Siönäs without a rebound.
7:35 of 3rd period - Martin Hanzal wins face-off versus Chandler Stephenson in Wolfes zone.
8:00 of 3rd period - Slapshot by Nathan Gerbe.
8:00 of 3rd period - Stopped by Ebbe Siönäs with a rebound.
8:02 of 3rd period - Snap shot by Jack Dougherty.
8:02 of 3rd period - Stopped by Ebbe Siönäs with a rebound.
8:31 of 3rd period - Icing by Mark Giordano.
8:32 of 3rd period - Nathan Gerbe wins face-off versus Martin Hanzal in Senators zone.
8:57 of 3rd period - Snap shot by Sebastian Aho.
8:57 of 3rd period - Shot Blocked by A.J. Jenks.
9:35 of 3rd period - Eric Robinson is hit by Kevin Rooney and loses puck.
9:40 of 3rd period - Snap shot by Zemgus Girgensons.
9:40 of 3rd period - Stopped by Ebbe Siönäs with a rebound.
9:42 of 3rd period - Slapshot by Scott Harrington.
9:42 of 3rd period - Stopped by Ebbe Siönäs with a rebound.
10:03 of 3rd period - Slapshot by Jeffrey Foss.
10:03 of 3rd period - Shot Misses the Net.
10:37 of 3rd period - Snap shot by Nathan Gerbe.
10:37 of 3rd period - Shot Blocked by Damon Severson.
11:26 of 3rd period - Minor Penalty to Branden Troock for Holding.
11:27 of 3rd period - Sebastian Aho wins face-off versus Nathan Gerbe in Senators zone.
11:29 of 3rd period - Slapshot by Sebastian Aho.
11:29 of 3rd period - Stopped by Justin Peters with a rebound.
11:43 of 3rd period - Snap shot by Max Friberg.
11:43 of 3rd period - Shot Misses the Net.
12:16 of 3rd period - Off-side.
12:17 of 3rd period - Martin Hanzal wins face-off versus Nick Foligno in neutral zone.
12:32 of 3rd period - Slapshot by Joe Morrow.
12:32 of 3rd period - Shot Blocked by Dylan Blujus.
13:26 of 3rd period - Penalty to Branden Troock is over, Branden Troock is back on ice.
13:55 of 3rd period - Mark Giordano is hit by Anton Lindholm and loses puck.
14:09 of 3rd period - Minor Penalty to Joe Morrow for Hooking.
14:10 of 3rd period - Sebastian Aho wins face-off versus Jordan Schroeder in Wolfes zone.
14:20 of 3rd period - Slapshot by Jordan Schroeder.
14:20 of 3rd period - Deflect By Anton Lindholm.
14:20 of 3rd period - Goal by Jordan Schroeder - Wolfes : 3 - Senators : 4.
14:21 of 3rd period - Sebastian Aho wins face-off versus Andy Andreoff in neutral zone.
14:42 of 3rd period - Minor Penalty to Tomas Jurco for Hooking.
14:43 of 3rd period - Nathan Gerbe wins face-off versus Sebastian Aho in Senators zone.
15:12 of 3rd period - Slapshot by Keegan Lowe.
15:12 of 3rd period - Shot Blocked by Martin Hanzal.
15:22 of 3rd period - Wrist shot by Martin Hanzal.
15:22 of 3rd period - Shot Misses the Net.
16:40 of 3rd period - Dylan Blujus is hit by Benn Ferriero.
16:42 of 3rd period - Penalty to Tomas Jurco is over, Tomas Jurco is back on ice.
16:50 of 3rd period - Slapshot by Dylan Blujus.
16:50 of 3rd period - Shot Blocked by Michael Stone.
17:37 of 3rd period - Snap shot by Jordan Schroeder.
17:37 of 3rd period - Shot Blocked by Anton Lindholm.
17:39 of 3rd period - Slapshot by Jack Dougherty.
17:39 of 3rd period - Deflect By Anton Lindholm.
17:39 of 3rd period - Stopped by Ebbe Siönäs without a rebound.
17:40 of 3rd period - Jordan Schroeder wins face-off versus Sebastian Aho in Wolfes zone.
17:51 of 3rd period - Minor Penalty to Keegan Lowe for Holding.
17:52 of 3rd period - Sebastian Aho wins face-off versus Nathan Gerbe in Senators zone.
17:53 of 3rd period - Wrist shot by Blake Pietila.
17:53 of 3rd period - Stopped by Justin Peters with a rebound.
17:55 of 3rd period - Snap shot by Max Friberg.
17:55 of 3rd period - Stopped by Justin Peters with a rebound.
18:01 of 3rd period - Snap shot by Sebastian Aho.
18:01 of 3rd period - Shot Misses the Net.
18:17 of 3rd period - Alexandre Grenier is hit by Eric Mestery and loses puck.
19:51 of 3rd period - Penalty to Keegan Lowe is over, Keegan Lowe is back on ice.
Goals for this period are 0 for Wolfes vs 1 for Senators.
Shots for this period are 6 for Wolfes vs 12 for Senators.